 Dungeon Crawl Stone Soup version 0.29-a0-477-g62b78b4225 (webtiles) character file.

Game seed: 17751862413538523880

7 hquester the Magician (level 1, 0/13 HPs)
             Began as a Demonspawn Hedge Wizard on May 24, 2022.
             Slain by a bat (1 damage)
             ... on level 1 of the Dungeon.
             The game lasted 00:01:59 (482 turns).

hquester the Magician (Demonspawn Hedge Wizard)      Turns: 482, Time: 00:01:59

Health: 0/13       AC:  2    Str: 10    XL:     1   Next: 91%
Magic:  4/4        EV: 11    Int: 15    God:
Gold:   0          SH:  3    Dex: 12    Spells: 5/6 levels left

rFire   . . .      SeeInvis .   a - +0 dagger
rCold   . . .      Faith    .   f - +0 buckler
rNeg    . . .      Spirit   .   b - +0 robe
rPois   .          Reflect  .   c - +0 hat
rElec   .          Harm     .   (no cloak)
rCorr   .          Rampage  .   (no gloves)
Will    .....                   (no boots)
Stlth   ++........              (no amulet)
HPRegen 0.04/turn               (no ring)
MPRegen 0.09/turn               (no ring)

@: no status effects
A: no striking features
a: no special abilities


You were on level 1 of the Dungeon.
You visited 1 branch of the dungeon, and saw 1 of its levels.

Inventory:

Hand Weapons
 a - a +0 dagger (weapon)
Armour
 b - a +0 robe (worn)
 c - a +0 hat (worn)
 f - a +0 buckler (worn)
 g - a +0 plate armour
Potions
 d - a potion of magic
 e - 2 potions of brilliance {unknown}
 h - a potion of curing {unknown}


   Skills:
 + Level 0.1 Fighting
 + Level 0.1 Short Blades
 + Level 0.1 Armour
 + Level 1.9 Dodging
 - Level 1.7 Stealth
 + Level 0.0 Shields
 + Level 3.0 Spellcasting
 + Level 1.1 Conjurations
 + Level 1.2 Summonings
 + Level 1.0 Translocations


You had 5 spell levels left.
You knew the following spells:

 Your Spells              Type           Power      Damage    Failure   Level
a - Magic Dart            Conj           20%        1d4       17%         1

Your spell library contained the following spells:

 Spells                   Type           Power      Damage    Failure   Level
 Slow                     Hex            8%         N/A       26%         1
 Blink                    Tloc           10%        N/A       26%         2
 Call Imp                 Summ           5%         N/A       26%         2
 Conjure Flame            Conj/Fire      4%         6-21      54%         3
 Mephitic Cloud           Conj/Pois/Air  3%         N/A       56%         3


Dungeon Overview and Level Annotations

Branches:
Dungeon (1/15)

Altars:

Shops:
D:1 (


Message History

Confirm with . or Enter, or press ? or * to list all spells.
Okay, then.
Unknown command.
The kobold throws a stone.
The stone hits you but does no damage. The kobold misses you.
You barely miss the kobold.
The kobold hits you with a +0 short sword.
You closely miss the kobold.
The kobold hits you with a +0 short sword.
You barely miss the kobold. The kobold closely misses you.
You closely miss the kobold. The kobold barely misses you.
You hit the kobold.
The kobold is moderately wounded.
The kobold hits you with a +0 short sword.
You closely miss the kobold.
The kobold is moderately wounded.
The kobold hits you with a +0 short sword.
You hit the kobold.
You kill the kobold!
Things that are here:
a +0 short sword; 2 stones A bat comes into view.
You hit the bat.
The bat is severely wounded.
The bat closely misses you. The bat hits you.
You closely miss the bat.
The bat is severely wounded.
The bat hits you but does no damage.
An endoplasm comes into view.
The endoplasm quivers.
The bat hits you but does no damage.
You hit the endoplasm.
The endoplasm is heavily wounded.
You block the bat's attack. The endoplasm hits you.
* * * LOW HITPOINT WARNING * * *
You hit the endoplasm.
The endoplasm is severely wounded.
The bat hits you.
You die...

...## ##.♣###
......###...###
##..>...###...#
...####....##.#
##.. ####....##
# #.....#### .#
##†..)...#..#
####......##
###@....#
......Jb#......
...............
..........#...#
..........###..
..........# #
...........
..........##


You could see an endoplasm and a bat.

Vanquished Creatures
  A ball python (D:1)
  An endoplasm (D:1)
  2 goblins (D:1)
  A bat (D:1)
  2 kobolds (D:1)
7 creatures vanquished.

Notes
Turn   | Place    | Note
-------+----------+-------------------------------------------
     0 | D:1      | hquester the Demonspawn Hedge Wizard began the quest for
                  | the Orb.
     0 | D:1      | Reached XP level 1. HP: 13/13 MP: 4/4
     1 | D:1      | Noticed an electric eel
   350 | D:1      | Reached skill level 1 in Translocations
   429 | D:1      | Found Seuhaun's Weapon Boutique.
   482 | D:1      | Slain by a bat

Illustrated notes

Levels and vault maps discovered:
D:1:      arrival_aquarium_a, layout_rooms, chequers_ecumenical_altar_simple,
          serial_shops, nicolae_shop_trees, minmay_misc_feat_roman,
          minmay_tiny_reverse_x

Skill      XL: |  1 |
---------------+----+-----
Translocations | 1 |  1.0
Fighting       | |  0.1
Short Blades   | |  0.1
Armour         | |  0.1
Dodging        | |  1.9
Stealth        | |  1.7
Spellcasting   | |  3.0
Conjurations   | |  1.1
Summonings     | |  1.2

Action                   || total
-------------------------++-------
Melee: Dagger            ||    23
 Cast: Magic Dart        ||     2
 Stab: Sleeping          ||     1
Armor: Robe              ||     5
Dodge: Dodged            ||     7
Block: Buckler           ||     1

Table legend: (Time is in decaauts)
 A = Elapsed time spent in this place.
 B = Non-inter-level travel time spent in this place.
 C = Inter-level travel time spent in this place.
 D = Time resting spent in this place.
 E = Time spent auto-exploring this place.
 F = Levels seen in this place.
 G = Mean time per level.
                   A        B        C        D        E       F      G
               +--------+--------+--------+--------+--------+-----+--------+
         Total |    482 |    482 |      0 |    292 |     71 |   1 |  482.0 |
       Dungeon |    482 |    482 |      0 |    292 |     71 |   1 |  482.0 |
               +--------+--------+--------+--------+--------+-----+--------+

Top non-repeatable levels by time:
     D:1: 482 daAuts
